 Dungeon Crawl Stone Soup version 0.31-a0-750-gfe7b580527 (webtiles) character file.

Game seed: 8170679796605502142

11 randomguy2701 the Trooper (level 2, -1/27 HPs)
             Began as a Hill Orc Fighter on Sept 14, 2023.
             Slain by Sigmund
             ... wielding a +5 scythe of flaming
              (14 damage)
             ... on level 2 of the Dungeon.
             The game lasted 00:00:42 (243 turns).

randomguy2701 the Trooper (Hill Orc Fighter)         Turns: 243, Time: 00:00:44

Health: -1/27      AC:  6    Str: 18    XL:     2   Next: 25%
Magic:  2/2        EV:  9    Int:  8    God:
Gold:   77         SH:  4    Dex: 10    Spells: 1/1 levels left

rFire   . . .        a - +0 war axe
rCold   . . .        c - +0 buckler
rNeg    . . .        b - +0 scale mail
rPois   .            (no helmet)
rElec   .            (no cloak)
rCorr   .            (no gloves)
SInv    .            (no boots)
Will    .....        (no amulet) Stlth
                     (no ring)
HPRegen 0.24/turn    (no ring)
MPRegen 0.08/turn

%: no passive effects
@: mighty
A: no striking features
a: no special abilities


You were on level 2 of the Dungeon.
You visited 1 branch of the dungeon, and saw 2 of its levels.

You collected 77 gold pieces.

Inventory:

Hand Weapons
 a - a +0 war axe (weapon)
Armour
 b - a +0 scale mail (worn)
 c - a +0 buckler (worn)
Scrolls
 e - a scroll of enchant weapon {unknown}
 g - a scroll of fear {unknown}
Potions
 f - 2 potions of mutation {unknown}


   Skills:
 + Level 4.0 Fighting
 + Level 2.9 Axes
 + Level 3.4 Armour
 + Level 3.4 Shields


You had one spell level left.
You didn't know any spells.
Your spell library was empty.

Dungeon Overview and Level Annotations

Branches:
Dungeon (1/15)

Altars:
Cheibriados

Annotations:
D:2 Sigmund


Message History

Something tries to affect you, but you resist.
A puff of flame appears from out of thin air!
The puff of flame hits you.
Found a snail-covered altar of Cheibriados.
A ball python comes into view.
The ball python hisses angrily.
An adder comes into view.
You block the adder's attack. The adder barely misses you. The adder bites you.
You are poisoned.
The adder poisons you!
You feel sick.
You feel sick. The adder attacks as it pursues you!
The adder bites you but does no damage.
You feel sick. The adder barely misses you.
You feel sick. The adder attacks as it pursues you!
The adder barely misses you.
An endoplasm and a hobgoblin come into view.
You feel sick.
You are no longer poisoned.
The endoplasm quivers.
You barely miss the hobgoblin. You closely miss the adder.
The adder bites you but does no damage. The hobgoblin misses you.
The adder bites you but does no damage. The hobgoblin hits you.
The hobgoblin barely misses you.
You feel very mighty all of a sudden. The adder barely misses you.
The hobgoblin closely misses you.
You barely miss the hobgoblin. You hit the adder.
The adder bites you but does no damage. You block the hobgoblin's attack.
The ball python bites you but does no damage.
The ball python barely misses you.
You slash the hobgoblin!
You kill the hobgoblin!
You closely miss the adder. You slash the ball python!
You kill the ball python!
The adder bites you but does no damage.
Sigmund hits you from afar with a +5 scythe of flaming!
Ouch! That really hurt!
You die...
Sigmund begins carving another notch in his scythe.

. . .#. ... #.# #.# #J#
######.#### #...@†@...#
#..###S.#.# #..# #..#.
##.....## #..# #....
##.....[.# #..##.....#
#......... #...........
+.........
#.........####....$....
#.........# #..?....#
#.#.......# #..$..#


You could see Sigmund, an adder and an endoplasm.

Vanquished Creatures
  An endoplasm (D:2)
  4 hobgoblins
  A quokka (D:1)
  2 ball pythons
  2 bats (D:1)
  A frilled lizard (D:1)
  A kobold (D:1)
12 creatures vanquished.

Notes
Turn   | Place    | Note
-------+----------+-------------------------------------------
     0 | D:1      | randomguy2701 the Hill Orc Fighter began the quest for the
                  | Orb.
     0 | D:1      | Reached XP level 1. HP: 19/19 MP: 1/1
   129 | D:1      | Reached XP level 2. HP: 20/27 MP: 2/2
   177 | D:1      | Reached skill level 4 in Fighting
   180 | D:1      | You fall into a shaft and drop 1 floor!
   196 | D:2      | Noticed Sigmund
   218 | D:2      | Found a snail-covered altar of Cheibriados.
   243 | D:2      | Slain by Sigmund

Illustrated notes

Levels and vault maps discovered:
D:1:      dpeg_arrival_pits, layout_basic, basic_ecumenical_altar
D:2:      layout_loops_corners, basic_altar, kennysheep_minor_cross,
          minmay_goblin_kobold_house, uniq_jessica, uniq_sigmund, uniq_natasha

Skill      XL: |  1  2 |
---------------+-------+-----
Fighting       | 4 |  4.0
Axes           | |  2.9
Armour         | |  3.4
Shields        | |  3.4

Action                     || total
---------------------------++-------
  Melee: War axe           ||    32
    Use: Potion            ||     1
 Armour: Scale mail        ||    34
  Dodge: Dodged            ||    28
  Block: Buckler           ||     7

Table legend: (Time is in decaauts)
 A = Elapsed time spent in this place.
 B = Non-inter-level travel time spent in this place.
 C = Inter-level travel time spent in this place.
 D = Time resting spent in this place.
 E = Time spent auto-exploring this place.
 F = Levels seen in this place.
 G = Mean time per level.
                   A        B        C        D        E       F      G
               +--------+--------+--------+--------+--------+-----+--------+
         Total |    254 |    254 |      0 |      0 |    143 |   2 |  127.0 |
       Dungeon |    254 |    254 |      0 |      0 |    143 |   2 |  127.0 |
               +--------+--------+--------+--------+--------+-----+--------+

Top non-repeatable levels by time:
     D:1: 190 daAuts
     D:2: 64 daAuts
